Panthers vs Hurricanes

Created - 24 janvier 2024 at 10:46

Goals
1 2 3 T
Panthers 1 1 2 4
Hurricanes 0 0 1 1
Shots
1 2 3 T
Panthers 12 9 14 35
Hurricanes 14 8 11 33

GoalsPenalties
1st period
1. Panthers , Jack Roslovic 12 (Gustav Nyquist 16, Evander Kane 23) at 4:53
No Penalty
2nd period
2. Panthers , Gustav Nyquist 15 (Andrew Peeke 12, Adin Hill) at 16:18
No Penalty
3rd period
3. Panthers , Steven Lorentz 3 (Jack Roslovic 17, Gustav Nyquist 17) at 13:15
4. Hurricanes , Jimmy Vesey 12 (Zemgus Girgensons 10) at 14:02
5. Panthers , Taylor Hall 22 (Alexis Lafrenière 10, Evgeni Malkin 24) at 19:07 (PP)
Anders Lee (CAR) for Fighting (Major) at 14:21
Devon Toews (FLO) for Fighting (Major) at 14:21
Marcus Pettersson (CAR) for Goalie Interference (Minor) at 18:33
Goalie Stats
Adin Hill (FLO), 32 saves from 33 shots - (0,970), W, 22-19-5, 60:00 minutes
Jordan Binnington (CAR), 31 saves from 35 shots - (0,886), L, 28-21-5, 60:00 minutes
3 StarsOfficial
1 - Adin Hill (FLO)
2 - Gustav Nyquist (FLO)
3 - Jack Roslovic (FLO)
Referees : Brian Pochmara and Anna Wiegand
Linesman : Bryan Pancich and Kyle Flemington
Game Note
Anders Lee beats up Devon Toews at 14:21 of 3rd period
Finance
Level 1 -- Attendance: 4108 (68%) -- Ticket Income $410,800
Level 2 -- Attendance: 4204 (84%) -- Ticket Income $252,240
Level 3 -- Attendance: 2686 (57%) -- Ticket Income $94,010
Level 4 -- Attendance: 3142 (79%) -- Ticket Income $62,840
Luxury Box -- Attendance: 1000 (100%) -- Ticket Income $200,000
Game was played at the RBC Center.
Total Attendance: 15140 (73%)
Total Ticket Income: $1,019,890
Other Income: $305,967
Total Income: $1,325,857



Team Name Goals Shots Shots Attemp Shots Blocked PIM HIT PP PK FO%
Panthers 43584175271 / 1 (100%)051%
Hurricanes 13367217200 / 0 (0%149%

Panthers
Player Name POS G A P +/- PIM HIT SHT SB MP PP MP PP SHT PK MP PK SHT FO% FOT GA TA
Alexis LafrenièreLW/RW0110033017:260:1300:0000% 110
Andrew PeekeD0112032223:070:3400:0000% 012
Auston MatthewsC0001015120:320:2100:00059% 3421
Casey MittelstadtC/LW0000002117:340:2100:0000% 210
Devon ToewsD0000501222:400:0000:0000% 000
Evander KaneLW/RW0110022014:560:2100:00033% 300
Evgeni MalkinC0110051117:260:1300:00050% 1211
Gustav NyquistC/LW/RW1230012014:350:0000:0000% 101
Jack RoslovicC/RW1120012014:350:0000:00060% 1010
Jeremy LauzonD0000001011:470:0000:0000% 000
Jesperi KotkaniemiC/LW0001041120:110:0000:000100% 200
Jordan GreenwayLW/RW000100107:270:0000:0000% 100
Matt GrzelcykD0002023424:320:3400:0000% 022
Nikita ZaitsevD0000010214:040:0000:0000% 001
Scott MayfieldD0000010123:490:0000:0000% 000
Sonny MilanoLW/RW000103107:270:0000:0000% 000
Steven LorentzC/LW/RW101100127:270:0000:0000% 101
Taylor HallLW1011007020:240:1310:0000% 110
Hurricanes
Player Name POS G A P +/- PIM HIT SHT SB MP PP MP PP SHT PK MP PK SHT FO% FOT GA TA
Alex IafalloLW0000023016:040:0000:0000% 011
Anders LeeC/LW0000533215:490:0000:000100% 100
Ben ChiarotD000-1020321:000:0000:3400% 012
Brock BoeserRW0000012218:040:0000:00033% 302
Damon SeversonD000-1001323:400:0000:3400% 003
Dillon DubeC/LW/RW000-2011117:100:0000:0000% 010
Jimmy VeseyLW/RW1010021110:220:0000:0000% 100
Marcus FolignoLW/RW0000011016:040:0000:0000% 010
Marcus PetterssonD0000201315:530:0000:0000% 000
Mikael BacklundC000-2002017:440:0000:34052% 2110
Noah CatesC/LW0000024016:040:0000:00046% 1310
Ryan LombergLW000001018:080:0000:0000% 000
Shea TheodoreD000-1013123:060:0000:0000% 010
Tage ThompsonC0000005218:040:0000:00044% 2501
Tony DeAngeloD000-1012020:260:0000:0000% 010
Zach PariseLW000-2022017:440:0000:340100% 110
Zach WhitecloudD0000011215:540:0000:0000% 001
Zemgus GirgensonsC/LW011000108:080:0000:00067% 300

Panthers

5 vs 5 Forward
Line #Left WingCenterRight WingPHYDFOFWanted %Time %Time Play
1Taylor HallAuston MatthewsJesperi Kotkaniemi0143534%20:11
2Casey MittelstadtEvgeni MalkinAlexis Lafrenière0143029%17:13
3Evander KaneJack RoslovicGustav Nyquist0232525%14:35
4Jordan GreenwaySteven LorentzSonny Milano3201013%7:27
5 vs 5 Defense
Line #DefenseDefensePHYDFOFWanted %Time %Time Play
1Devon ToewsScott Mayfield0324038%22:49
2Andrew PeekeMatt Grzelcyk1314038%22:33
3Nikita ZaitsevJeremy Lauzon1401718%10:51
4Devon ToewsNikita Zaitsev03235%3:13
Power Play Forward
Line #Left WingCenterRight WingPHYDFOFWanted %Time %Time Play
1Casey MittelstadtAuston MatthewsEvander Kane0055562%0:21
2Taylor HallEvgeni MalkinAlexis Lafrenière0144538%0:13
Power Play Defense
Line #DefenseDefensePHYDFOFWanted %Time %Time Play
1Devon ToewsAndrew Peeke11355100%0:34
2Scott MayfieldMatt Grzelcyk023450%0:00
Penalty Kill 4 Players Forward
Line #CenterWingPHYDFOFWanted %Time %Time Play
1Auston MatthewsTaylor Hall041550%0:00
2Evgeni MalkinEvander Kane041450%0:00
Penalty Kill 4 Players Defense
Line #DefenseDefensePHYDFOFWanted %Time %Time Play
1Devon ToewsAndrew Peeke050550%0:00
2Scott MayfieldMatt Grzelcyk050450%0:00
Penalty Kill 3 Players
Line #WingPHYDFOFWanted %Time %Time PlayDefenseDefensePHYDFOFWanted %Time %Time Play
1Auston Matthews050600%0:00 Devon ToewsAndrew Peeke050600%0:00
2Jesperi Kotkaniemi050400%0:00 Scott MayfieldMatt Grzelcyk050400%0:00
4 vs 4 Forward
Line #CenterWingPHYDFOFWanted %Time %Time Play
1Auston MatthewsTaylor Hall014500%0:00
2Evgeni MalkinCasey Mittelstadt014500%0:00
4 vs 4 Defense
Line #DefensePHYDFOFWanted %Time %Time Play
1Devon ToewsAndrew Peeke032500%0:00
2Scott MayfieldMatt Grzelcyk032500%0:00
Last Minutes Offensive
Left WingCenterRight WingDefenseDefense
Taylor HallAuston MatthewsAlexis LafrenièreDevon ToewsAndrew Peeke
Last Minutes Defensive
Left WingCenterRight WingDefenseDefense
Taylor HallAuston MatthewsSonny MilanoDevon ToewsAndrew Peeke
Time
Total ForwardTotal DefenseLast Minutes OffensiveLast Minutes Defensive
60:00 60:00 0:000:00
Extra Forwards
Normal PowerPlayPenalty Kill
Jack Roslovic, Jesperi Kotkaniemi, Evander KaneCasey Mittelstadt, Jesperi KotkaniemiJack Roslovic
Extra Defensemen
Normal PowerPlayPenalty Kill
Matt Grzelcyk, Scott Mayfield, Jeremy LauzonMatt Grzelcyk, Matt GrzelcykAndrew Peeke
Penalty Shots
Casey Mittelstadt, Auston Matthews, Evgeni Malkin, Taylor Hall, Alexis Lafrenière
Goalie
Adin Hill, Charlie Lindgren
Scratches
None

Hurricanes

5 vs 5 Forward
Line #Left WingCenterRight WingPHYDFOFWanted %Time %Time Play
1Anders LeeTage ThompsonBrock Boeser1223530%18:04
2Zach PariseMikael BacklundDillon Dube1223329%17:10
3Alex IafalloNoah CatesMarcus Foligno1222227%16:04
4Ryan LombergZemgus GirgensonsJimmy Vesey1221014%8:08
5 vs 5 Defense
Line #DefenseDefensePHYDFOFWanted %Time %Time Play
1Shea TheodoreDamon Severson1223535%20:35
2Ben ChiarotTony DeAngelo1223534%20:26
3Marcus PetterssonZach Whitecloud1222527%15:54
4Shea TheodoreDamon Severson12254%2:31
Power Play Forward
Line #Left WingCenterRight WingPHYDFOFWanted %Time %Time Play
1Anders LeeTage ThompsonBrock Boeser122600%0:00
2Zach PariseMikael BacklundDillon Dube122400%0:00
Power Play Defense
Line #DefenseDefensePHYDFOFWanted %Time %Time Play
1Shea TheodoreTony DeAngelo122600%0:00
2Ben ChiarotDamon Severson122400%0:00
Penalty Kill 4 Players Forward
Line #CenterWingPHYDFOFWanted %Time %Time Play
1Mikael BacklundZach Parise12260100%0:34
2Anders LeeAlex Iafallo122400%0:00
Penalty Kill 4 Players Defense
Line #DefenseDefensePHYDFOFWanted %Time %Time Play
1Ben ChiarotDamon Severson12255100%0:34
2Marcus PetterssonZach Whitecloud122450%0:00
Penalty Kill 3 Players
Line #WingPHYDFOFWanted %Time %Time PlayDefenseDefensePHYDFOFWanted %Time %Time Play
1Mikael Backlund122500%0:00 Ben ChiarotDamon Severson122500%0:00
2Dillon Dube122500%0:00 Marcus PetterssonZach Whitecloud122500%0:00
4 vs 4 Forward
Line #CenterWingPHYDFOFWanted %Time %Time Play
1Tage ThompsonBrock Boeser122600%0:00
2Anders LeeZach Parise122400%0:00
4 vs 4 Defense
Line #DefensePHYDFOFWanted %Time %Time Play
1Shea TheodoreDamon Severson122600%0:00
2Ben ChiarotTony DeAngelo122400%0:00
Last Minutes Offensive
Left WingCenterRight WingDefenseDefense
Anders LeeTage ThompsonBrock BoeserShea TheodoreTony DeAngelo
Last Minutes Defensive
Left WingCenterRight WingDefenseDefense
Marcus FolignoMikael BacklundJimmy VeseyBen ChiarotZach Whitecloud
Time
Total ForwardTotal DefenseLast Minutes OffensiveLast Minutes Defensive
60:00 60:00 0:000:00
Extra Forwards
Normal PowerPlayPenalty Kill
Tage Thompson, Anders Lee, Brock BoeserTage Thompson, Anders LeeBrock Boeser
Extra Defensemen
Normal PowerPlayPenalty Kill
Damon Severson, Ben Chiarot, Zach WhitecloudTony DeAngelo, Ben ChiarotZach Whitecloud
Penalty Shots
Anders Lee, Tage Thompson, Dillon Dube, Mikael Backlund, Zach Parise
Goalie
Jordan Binnington, Laurent Brossoit
Scratches
Danton Heinen (Healthy), Devin Shore (Healthy), Troy Stecher (Healthy)


Play-by-Play

1st period


0:01 of 1st period - Auston Matthews wins face-off versus Tage Thompson in neutral zone.
0:07 of 1st period - Off-side.
0:08 of 1st period - Tage Thompson wins face-off versus Auston Matthews in neutral zone.
0:25 of 1st period - Snap shot by Taylor Hall.
0:25 of 1st period - Deflect By Auston Matthews.
0:25 of 1st period - Shot Blocked by Shea Theodore.
0:25 of 1st period - Puck is out of play.
0:26 of 1st period - Mikael Backlund wins face-off versus Casey Mittelstadt in Hurricanes zone.
0:33 of 1st period - Andrew Peeke is hit by Ben Chiarot and loses puck.
0:40 of 1st period - Wrist shot by Dillon Dube.
0:40 of 1st period - Deflect By Andrew Peeke.
0:40 of 1st period - Shot Misses the Net.
0:40 of 1st period - Puck is out of play.
0:41 of 1st period - Evander Kane wins face-off versus Noah Cates in Panthers zone.
0:47 of 1st period - Slapshot by Jeremy Lauzon.
0:47 of 1st period - Deflect By Evander Kane.
0:47 of 1st period - Shot Misses the Net.
0:47 of 1st period - Puck is out of play.
0:48 of 1st period - Noah Cates wins face-off versus Evander Kane in Hurricanes zone.
1:09 of 1st period - Snap shot by Evander Kane.
1:09 of 1st period - Stopped by Jordan Binnington without a rebound.
1:10 of 1st period - Mikael Backlund wins face-off versus Jordan Greenway in Hurricanes zone.
1:10 of 1st period - Mikael Backlund is hit by Sonny Milano.
1:16 of 1st period - Steven Lorentz is hit by Tony DeAngelo and loses puck.
1:25 of 1st period - Zach Parise is hit by Sonny Milano and loses puck.
1:45 of 1st period - Wrist shot by Evgeni Malkin.
1:45 of 1st period - Stopped by Jordan Binnington without a rebound.
1:46 of 1st period - Brock Boeser wins face-off versus Auston Matthews in Hurricanes zone.
1:46 of 1st period - Brock Boeser is hit by Jesperi Kotkaniemi.
2:12 of 1st period - Damon Severson is hit by Evgeni Malkin and loses puck.
2:19 of 1st period - Snap shot by Alexis Lafrenière.
2:19 of 1st period - Shot Misses the Net.
2:21 of 1st period - Wrist shot by Casey Mittelstadt.
2:21 of 1st period - Stopped by Jordan Binnington with a rebound.
2:23 of 1st period - Wrist shot by Alexis Lafrenière.
2:23 of 1st period - Stopped by Jordan Binnington without a rebound.
2:24 of 1st period - Tage Thompson wins face-off versus Evander Kane in Hurricanes zone.
2:24 of 1st period - Tage Thompson is hit by Andrew Peeke.
2:44 of 1st period - Icing by Zach Whitecloud.
2:45 of 1st period - Tage Thompson wins face-off versus Taylor Hall in Hurricanes zone.
2:56 of 1st period - Slapshot by Tage Thompson.
2:56 of 1st period - Stopped by Adin Hill with a rebound.
3:04 of 1st period - Slapshot by Tage Thompson.
3:04 of 1st period - Shot Misses the Net.
3:06 of 1st period - Slapshot by Zach Whitecloud.
3:06 of 1st period - Stopped by Adin Hill without a rebound.
3:07 of 1st period - Noah Cates wins face-off versus Evgeni Malkin in Panthers zone.
3:10 of 1st period - Snap shot by Noah Cates.
3:10 of 1st period - Shot Misses the Net.
3:12 of 1st period - Snap shot by Marcus Foligno.
3:12 of 1st period - Stopped by Adin Hill without a rebound.
3:13 of 1st period - Noah Cates wins face-off versus Casey Mittelstadt in Panthers zone.
3:48 of 1st period - Snap shot by Dillon Dube.
3:48 of 1st period - Stopped by Adin Hill without a rebound.
3:49 of 1st period - Zemgus Girgensons wins face-off versus Jack Roslovic in Panthers zone.
3:54 of 1st period - Snap shot by Zemgus Girgensons.
3:54 of 1st period - Stopped by Adin Hill with a rebound.
4:12 of 1st period - Damon Severson is hit by Evander Kane and loses puck.
4:51 of 1st period - Snap shot by Gustav Nyquist.
4:51 of 1st period - Stopped by Jordan Binnington with a rebound.
4:53 of 1st period - Snap shot by Jack Roslovic.
4:53 of 1st period - Goal by Jack Roslovic - Panthers : 1 - Hurricanes : 0.
4:54 of 1st period - Mikael Backlund wins face-off versus Auston Matthews in neutral zone.
5:59 of 1st period - Icing by Jeremy Lauzon.
6:00 of 1st period - Mikael Backlund wins face-off versus Steven Lorentz in Panthers zone.
6:05 of 1st period - Wrist shot by Zach Parise.
6:05 of 1st period - Shot Blocked by Nikita Zaitsev.
6:07 of 1st period - Slapshot by Shea Theodore.
6:07 of 1st period - Stopped by Adin Hill without a rebound.
6:08 of 1st period - Mikael Backlund wins face-off versus Auston Matthews in Panthers zone.
6:11 of 1st period - Snap shot by Zach Parise.
6:11 of 1st period - Stopped by Adin Hill without a rebound.
6:12 of 1st period - Auston Matthews wins face-off versus Tage Thompson in Panthers zone.
8:24 of 1st period - Icing by Jesperi Kotkaniemi.
8:25 of 1st period - Noah Cates wins face-off versus Auston Matthews in Panthers zone.
8:26 of 1st period - Snap shot by Alex Iafallo.
8:26 of 1st period - Stopped by Adin Hill without a rebound.
8:27 of 1st period - Evgeni Malkin wins face-off versus Noah Cates in Panthers zone.
8:32 of 1st period - Wrist shot by Alexis Lafrenière.
8:32 of 1st period - Stopped by Jordan Binnington without a rebound.
8:33 of 1st period - Noah Cates wins face-off versus Evgeni Malkin in Hurricanes zone.
8:44 of 1st period - Alexis Lafrenière is hit by Marcus Foligno and loses puck.
9:19 of 1st period - Wrist shot by Steven Lorentz.
9:19 of 1st period - Shot Blocked by Anders Lee.
9:21 of 1st period - Slapshot by Devon Toews.
9:21 of 1st period - Deflect By Tage Thompson.
9:21 of 1st period - Stopped by Jordan Binnington with a rebound.
9:23 of 1st period - Slapshot by Scott Mayfield.
9:23 of 1st period - Shot Blocked by Tage Thompson.
9:25 of 1st period - Slapshot by Devon Toews.
9:25 of 1st period - Shot Blocked by Anders Lee.
9:27 of 1st period - Wrist shot by Sonny Milano.
9:27 of 1st period - Stopped by Jordan Binnington without a rebound.
9:28 of 1st period - Auston Matthews wins face-off versus Tage Thompson in Hurricanes zone.
9:39 of 1st period - Wrist shot by Taylor Hall.
9:39 of 1st period - Stopped by Jordan Binnington with a rebound.
10:19 of 1st period - Noah Cates is hit by Sonny Milano and loses puck.
11:03 of 1st period - Slapshot by Shea Theodore.
11:03 of 1st period - Stopped by Adin Hill without a rebound.
11:04 of 1st period - Evgeni Malkin wins face-off versus Zemgus Girgensons in Panthers zone.
11:09 of 1st period - Wrist shot by Casey Mittelstadt.
11:09 of 1st period - Shot Misses the Net.
11:31 of 1st period - Mikael Backlund is hit by Auston Matthews and loses puck.
13:42 of 1st period - Snap shot by Alex Iafallo.
13:42 of 1st period - Shot Blocked by Andrew Peeke.
13:44 of 1st period - Slapshot by Shea Theodore.
13:44 of 1st period - Deflect By Noah Cates.
13:44 of 1st period - Shot Blocked by Matt Grzelcyk.
13:44 of 1st period - Puck is out of play.
13:45 of 1st period - Auston Matthews wins face-off versus Noah Cates in Panthers zone.
13:52 of 1st period - Marcus Foligno is hit by Matt Grzelcyk.
14:10 of 1st period - Slapshot by Alex Iafallo.
14:10 of 1st period - Shot Misses the Net.
14:12 of 1st period - Wrist shot by Marcus Foligno.
14:12 of 1st period - Deflect By Taylor Hall.
14:12 of 1st period - Shot Misses the Net.
14:12 of 1st period - Puck is out of play.
14:13 of 1st period - Mikael Backlund wins face-off versus Alexis Lafrenière in Panthers zone.
14:22 of 1st period - Snap shot by Dillon Dube.
14:22 of 1st period - Deflect By Zach Parise.
14:22 of 1st period - Shot Hit the Post.
14:22 of 1st period - Puck is out of play.
14:23 of 1st period - Evgeni Malkin wins face-off versus Mikael Backlund in Panthers zone.
14:52 of 1st period - Snap shot by Zach Parise.
14:52 of 1st period - Shot Blocked by Evgeni Malkin.
14:54 of 1st period - Snap shot by Zach Parise.
14:54 of 1st period - Shot Misses the Net.
14:56 of 1st period - Snap shot by Damon Severson.
14:56 of 1st period - Shot Blocked by Casey Mittelstadt.
15:12 of 1st period - Snap shot by Zach Parise.
15:12 of 1st period - Shot Misses the Net.
15:14 of 1st period - Backhand shot by Marcus Pettersson.
15:14 of 1st period - Stopped by Adin Hill without a rebound.
15:15 of 1st period - Tage Thompson wins face-off versus Auston Matthews in Panthers zone.
15:18 of 1st period - Snap shot by Anders Lee.
15:18 of 1st period - Stopped by Adin Hill without a rebound.
15:19 of 1st period - Auston Matthews wins face-off versus Tage Thompson in Panthers zone.
15:26 of 1st period - Snap shot by Auston Matthews.
15:26 of 1st period - Shot Blocked by Brock Boeser.
15:28 of 1st period - Slapshot by Matt Grzelcyk.
15:28 of 1st period - Stopped by Jordan Binnington with a rebound.
15:34 of 1st period - Snap shot by Taylor Hall.
15:34 of 1st period - Stopped by Jordan Binnington without a rebound.
15:35 of 1st period - Noah Cates wins face-off versus Jack Roslovic in Hurricanes zone.
16:02 of 1st period - Matt Grzelcyk is hit by Anders Lee and loses puck.
16:11 of 1st period - Snap shot by Brock Boeser.
16:11 of 1st period - Stopped by Adin Hill with a rebound.
16:13 of 1st period - Slapshot by Shea Theodore.
16:13 of 1st period - Shot Blocked by Devon Toews.
17:07 of 1st period - Snap shot by Brock Boeser.
17:07 of 1st period - Shot Blocked by Matt Grzelcyk.
17:09 of 1st period - Snap shot by Tage Thompson.
17:09 of 1st period - Stopped by Adin Hill with a rebound.
17:11 of 1st period - Slapshot by Tony DeAngelo.
17:11 of 1st period - Shot Blocked by Andrew Peeke.
17:13 of 1st period - Slapshot by Anders Lee.
17:13 of 1st period - Stopped by Adin Hill with a rebound.
17:15 of 1st period - Wrist shot by Anders Lee.
17:15 of 1st period - Shot Blocked by Matt Grzelcyk.
17:48 of 1st period - Casey Mittelstadt is hit by Jimmy Vesey and loses puck.
18:31 of 1st period - Snap shot by Gustav Nyquist.
18:31 of 1st period - Shot Misses the Net.
18:53 of 1st period - Slapshot by Dillon Dube.
18:53 of 1st period - Shot Blocked by Jesperi Kotkaniemi.
19:48 of 1st period - Slapshot by Devon Toews.
19:48 of 1st period - Shot Misses the Net.
Goals for this period are 1 for Panthers vs 0 for Hurricanes.
Shots for this period are 12 for Panthers vs 14 for Hurricanes.

2nd period


0:01 of 2nd period - Tage Thompson wins face-off versus Auston Matthews in neutral zone.
0:04 of 2nd period - Auston Matthews is hit by Brock Boeser and loses puck.
0:15 of 2nd period - Snap shot by Tage Thompson.
0:15 of 2nd period - Stopped by Adin Hill with a rebound.
0:17 of 2nd period - Wrist shot by Anders Lee.
0:17 of 2nd period - Stopped by Adin Hill with a rebound.
1:10 of 2nd period - Slapshot by Devon Toews.
1:10 of 2nd period - Shot Blocked by Ryan Lomberg.
1:12 of 2nd period - Slapshot by Nikita Zaitsev.
1:12 of 2nd period - Shot Misses the Net.
1:20 of 2nd period - Snap shot by Sonny Milano.
1:20 of 2nd period - Shot Misses the Net.
1:51 of 2nd period - Off-side.
1:52 of 2nd period - Mikael Backlund wins face-off versus Evgeni Malkin in neutral zone.
2:30 of 2nd period - Slapshot by Evgeni Malkin.
2:30 of 2nd period - Shot Misses the Net.
2:44 of 2nd period - Snap shot by Alexis Lafrenière.
2:44 of 2nd period - Stopped by Jordan Binnington with a rebound.
2:46 of 2nd period - Snap shot by Evgeni Malkin.
2:46 of 2nd period - Shot Hit the Post.
2:48 of 2nd period - Slapshot by Andrew Peeke.
2:48 of 2nd period - Stopped by Jordan Binnington without a rebound.
2:49 of 2nd period - Auston Matthews wins face-off versus Tage Thompson in Hurricanes zone.
3:02 of 2nd period - Shea Theodore is hit by Scott Mayfield and loses puck.
4:21 of 2nd period - Off-side.
4:22 of 2nd period - Auston Matthews wins face-off versus Noah Cates in neutral zone.
4:46 of 2nd period - Andrew Peeke is hit by Noah Cates and loses puck.
5:13 of 2nd period - Zach Whitecloud is hit by Evgeni Malkin and loses puck.
5:24 of 2nd period - Wrist shot by Alex Iafallo.
5:24 of 2nd period - Shot Misses the Net.
5:32 of 2nd period - Snap shot by Taylor Hall.
5:32 of 2nd period - Stopped by Jordan Binnington without a rebound.
5:33 of 2nd period - Auston Matthews wins face-off versus Brock Boeser in Hurricanes zone.
5:38 of 2nd period - Wrist shot by Auston Matthews.
5:38 of 2nd period - Shot Misses the Net.
5:46 of 2nd period - Slapshot by Auston Matthews.
5:46 of 2nd period - Stopped by Jordan Binnington without a rebound.
5:47 of 2nd period - Auston Matthews wins face-off versus Tage Thompson in Hurricanes zone.
6:04 of 2nd period - Wrist shot by Tage Thompson.
6:04 of 2nd period - Deflect By Anders Lee.
6:04 of 2nd period - Shot Blocked by Auston Matthews.
6:04 of 2nd period - Puck is out of play.
6:05 of 2nd period - Jack Roslovic wins face-off versus Mikael Backlund in Panthers zone.
6:28 of 2nd period - Icing by Shea Theodore.
6:29 of 2nd period - Mikael Backlund wins face-off versus Auston Matthews in Hurricanes zone.
6:43 of 2nd period - Snap shot by Tage Thompson.
6:43 of 2nd period - Stopped by Adin Hill without a rebound.
6:44 of 2nd period - Evgeni Malkin wins face-off versus Mikael Backlund in Panthers zone.
7:34 of 2nd period - Damon Severson is hit by Evander Kane and loses puck.
7:41 of 2nd period - Snap shot by Jack Roslovic.
7:41 of 2nd period - Stopped by Jordan Binnington without a rebound.
7:42 of 2nd period - Auston Matthews wins face-off versus Mikael Backlund in Hurricanes zone.
7:43 of 2nd period - Wrist shot by Jesperi Kotkaniemi.
7:43 of 2nd period - Shot Misses the Net.
8:09 of 2nd period - Anders Lee is hit by Alexis Lafrenière and loses puck.
8:57 of 2nd period - Snap shot by Jimmy Vesey.
8:57 of 2nd period - Shot Blocked by Steven Lorentz.
8:59 of 2nd period - Slapshot by Shea Theodore.
8:59 of 2nd period - Shot Blocked by Steven Lorentz.
9:01 of 2nd period - Backhand shot by Shea Theodore.
9:01 of 2nd period - Stopped by Adin Hill without a rebound.
9:02 of 2nd period - Auston Matthews wins face-off versus Tage Thompson in Panthers zone.
9:02 of 2nd period - Auston Matthews is hit by Anders Lee.
10:20 of 2nd period - Slapshot by Sonny Milano.
10:20 of 2nd period - Shot Misses the Net.
10:22 of 2nd period - Slapshot by Jeremy Lauzon.
10:22 of 2nd period - Shot Hit the Post.
10:24 of 2nd period - Slapshot by Nikita Zaitsev.
10:24 of 2nd period - Shot Blocked by Marcus Pettersson.
10:26 of 2nd period - Slapshot by Nikita Zaitsev.
10:26 of 2nd period - Shot Blocked by Marcus Pettersson.
10:28 of 2nd period - Snap shot by Steven Lorentz.
10:28 of 2nd period - Deflect By Jordan Greenway.
10:28 of 2nd period - Shot Blocked by Marcus Pettersson.
10:28 of 2nd period - Puck is out of play.
10:29 of 2nd period - Auston Matthews wins face-off versus Tage Thompson in Hurricanes zone.
10:36 of 2nd period - Wrist shot by Auston Matthews.
10:36 of 2nd period - Shot Blocked by Damon Severson.
11:00 of 2nd period - Slapshot by Noah Cates.
11:00 of 2nd period - Stopped by Adin Hill with a rebound.
11:22 of 2nd period - Icing by Damon Severson.
11:23 of 2nd period - Mikael Backlund wins face-off versus Evgeni Malkin in Hurricanes zone.
11:49 of 2nd period - Snap shot by Dillon Dube.
11:49 of 2nd period - Shot Misses the Net.
11:51 of 2nd period - Slapshot by Tony DeAngelo.
11:51 of 2nd period - Stopped by Adin Hill without a rebound.
11:52 of 2nd period - Tage Thompson wins face-off versus Jack Roslovic in Panthers zone.
12:01 of 2nd period - Zach Whitecloud is hit by Andrew Peeke and loses puck.
12:23 of 2nd period - Evgeni Malkin is hit by Noah Cates and loses puck.
12:41 of 2nd period - Off-side.
12:42 of 2nd period - Zemgus Girgensons wins face-off versus Auston Matthews in neutral zone.
13:01 of 2nd period - Auston Matthews is hit by Ryan Lomberg and loses puck.
13:10 of 2nd period - Slapshot by Taylor Hall.
13:10 of 2nd period - Stopped by Jordan Binnington without a rebound.
13:11 of 2nd period - Tage Thompson wins face-off versus Evgeni Malkin in Hurricanes zone.
13:13 of 2nd period - Icing by Ben Chiarot.
13:14 of 2nd period - Evgeni Malkin wins face-off versus Tage Thompson in Hurricanes zone.
13:15 of 2nd period - Slapshot by Casey Mittelstadt.
13:15 of 2nd period - Shot Blocked by Ben Chiarot.
13:49 of 2nd period - Snap shot by Jack Roslovic.
13:49 of 2nd period - Shot Blocked by Ben Chiarot.
13:51 of 2nd period - Slapshot by Matt Grzelcyk.
13:51 of 2nd period - Stopped by Jordan Binnington with a rebound.
13:53 of 2nd period - Slapshot by Andrew Peeke.
13:53 of 2nd period - Shot Blocked by Ben Chiarot.
14:03 of 2nd period - Snap shot by Noah Cates.
14:03 of 2nd period - Stopped by Adin Hill without a rebound.
14:04 of 2nd period - Auston Matthews wins face-off versus Noah Cates in Panthers zone.
14:11 of 2nd period - Alex Iafallo is hit by Jesperi Kotkaniemi and loses puck.
14:30 of 2nd period - Alexis Lafrenière is hit by Anders Lee and loses puck.
14:57 of 2nd period - Alexis Lafrenière is hit by Jimmy Vesey and loses puck.
15:24 of 2nd period - Wrist shot by Casey Mittelstadt.
15:24 of 2nd period - Shot Misses the Net.
15:26 of 2nd period - Slapshot by Jeremy Lauzon.
15:26 of 2nd period - Shot Misses the Net.
15:50 of 2nd period - Wrist shot by Casey Mittelstadt.
15:50 of 2nd period - Stopped by Jordan Binnington without a rebound.
15:51 of 2nd period - Jack Roslovic wins face-off versus Tage Thompson in Hurricanes zone.
16:06 of 2nd period - Slapshot by Tony DeAngelo.
16:06 of 2nd period - Shot Misses the Net.
16:18 of 2nd period - Slapshot by Gustav Nyquist.
16:18 of 2nd period - Goal by Gustav Nyquist - Panthers : 2 - Hurricanes : 0.
16:19 of 2nd period - Auston Matthews wins face-off versus Tage Thompson in neutral zone.
16:45 of 2nd period - Scott Mayfield is hit by Zach Parise and loses puck.
17:13 of 2nd period - Alex Iafallo is hit by Matt Grzelcyk and loses puck.
17:32 of 2nd period - Snap shot by Ryan Lomberg.
17:32 of 2nd period - Shot Blocked by Nikita Zaitsev.
17:48 of 2nd period - Slapshot by Jeremy Lauzon.
17:48 of 2nd period - Shot Blocked by Damon Severson.
17:58 of 2nd period - Wrist shot by Brock Boeser.
17:58 of 2nd period - Deflect By Tage Thompson.
17:58 of 2nd period - Stopped by Adin Hill without a rebound.
17:59 of 2nd period - Jesperi Kotkaniemi wins face-off versus Mikael Backlund in Panthers zone.
17:59 of 2nd period - Jesperi Kotkaniemi is hit by Ben Chiarot.
19:56 of 2nd period - Snap shot by Evander Kane.
19:56 of 2nd period - Shot Misses the Net.
19:58 of 2nd period - Snap shot by Gustav Nyquist.
19:58 of 2nd period - Shot Misses the Net.
Goals for this period are 1 for Panthers vs 0 for Hurricanes.
Shots for this period are 9 for Panthers vs 8 for Hurricanes.

3rd period


0:01 of 3rd period - Mikael Backlund wins face-off versus Auston Matthews in neutral zone.
0:04 of 3rd period - Slapshot by Tony DeAngelo.
0:04 of 3rd period - Deflect By Auston Matthews.
0:04 of 3rd period - Stopped by Adin Hill with a rebound.
0:06 of 3rd period - Snap shot by Dillon Dube.
0:06 of 3rd period - Shot Misses the Net.
1:00 of 3rd period - Icing by Noah Cates.
1:01 of 3rd period - Jack Roslovic wins face-off versus Noah Cates in Hurricanes zone.
1:30 of 3rd period - Slapshot by Auston Matthews.
1:30 of 3rd period - Deflect By Taylor Hall.
1:30 of 3rd period - Deflect By Zach Whitecloud.
1:30 of 3rd period - Stopped by Jordan Binnington with a rebound.
1:50 of 3rd period - Shea Theodore is hit by Nikita Zaitsev and loses puck.
1:55 of 3rd period - Snap shot by Sonny Milano.
1:55 of 3rd period - Deflect By Steven Lorentz.
1:55 of 3rd period - Shot Blocked by Damon Severson.
1:55 of 3rd period - Puck is out of play.
1:56 of 3rd period - Anders Lee wins face-off versus Auston Matthews in Hurricanes zone.
2:29 of 3rd period - Snap shot by Evander Kane.
2:29 of 3rd period - Stopped by Jordan Binnington with a rebound.
2:42 of 3rd period - Backhand shot by Casey Mittelstadt.
2:42 of 3rd period - Shot Misses the Net.
2:44 of 3rd period - Snap shot by Andrew Peeke.
2:44 of 3rd period - Deflect By Tony DeAngelo.
2:44 of 3rd period - Stopped by Jordan Binnington without a rebound.
2:45 of 3rd period - Evgeni Malkin wins face-off versus Noah Cates in Hurricanes zone.
2:54 of 3rd period - Wrist shot by Damon Severson.
2:54 of 3rd period - Shot Blocked by Devon Toews.
2:56 of 3rd period - Wrist shot by Marcus Foligno.
2:56 of 3rd period - Shot Misses the Net.
2:58 of 3rd period - Slapshot by Shea Theodore.
2:58 of 3rd period - Deflect By Noah Cates.
2:58 of 3rd period - Shot Misses the Net.
2:58 of 3rd period - Puck is out of play.
2:59 of 3rd period - Auston Matthews wins face-off versus Mikael Backlund in Panthers zone.
3:07 of 3rd period - Off-side.
3:08 of 3rd period - Zach Parise wins face-off versus Auston Matthews in neutral zone.
3:19 of 3rd period - Wrist shot by Auston Matthews.
3:19 of 3rd period - Stopped by Jordan Binnington with a rebound.
4:07 of 3rd period - Slapshot by Auston Matthews.
4:07 of 3rd period - Shot Misses the Net.
4:09 of 3rd period - Snap shot by Taylor Hall.
4:09 of 3rd period - Shot Blocked by Zach Whitecloud.
4:13 of 3rd period - Wrist shot by Auston Matthews.
4:13 of 3rd period - Stopped by Jordan Binnington with a rebound.
4:15 of 3rd period - Slapshot by Auston Matthews.
4:15 of 3rd period - Shot Misses the Net.
4:17 of 3rd period - Slapshot by Devon Toews.
4:17 of 3rd period - Shot Blocked by Dillon Dube.
4:51 of 3rd period - Wrist shot by Dillon Dube.
4:51 of 3rd period - Shot Misses the Net.
5:23 of 3rd period - Wrist shot by Taylor Hall.
5:23 of 3rd period - Deflect By Auston Matthews.
5:23 of 3rd period - Shot Misses the Net.
5:23 of 3rd period - Puck is out of play.
5:24 of 3rd period - Jack Roslovic wins face-off versus Tage Thompson in Hurricanes zone.
5:39 of 3rd period - Snap shot by Brock Boeser.
5:39 of 3rd period - Shot Misses the Net.
7:26 of 3rd period - Jordan Greenway is hit by Alex Iafallo and loses puck.
7:43 of 3rd period - Ben Chiarot is hit by Alexis Lafrenière and loses puck.
7:48 of 3rd period - Slapshot by Casey Mittelstadt.
7:48 of 3rd period - Shot Misses the Net.
8:03 of 3rd period - Damon Severson is hit by Gustav Nyquist.
8:17 of 3rd period - Noah Cates is hit by Alexis Lafrenière and loses puck.
8:42 of 3rd period - Marcus Foligno is hit by Evgeni Malkin and loses puck.
9:04 of 3rd period - Marcus Foligno is hit by Evgeni Malkin and loses puck.
9:17 of 3rd period - Wrist shot by Alexis Lafrenière.
9:17 of 3rd period - Shot Misses the Net.
9:49 of 3rd period - Casey Mittelstadt is hit by Alex Iafallo and loses puck.
10:27 of 3rd period - Damon Severson is hit by Evgeni Malkin and loses puck.
10:52 of 3rd period - Wrist shot by Evgeni Malkin.
10:52 of 3rd period - Deflect By Alexis Lafrenière.
10:52 of 3rd period - Shot Misses the Net.
10:52 of 3rd period - Puck is out of play.
10:53 of 3rd period - Tage Thompson wins face-off versus Jack Roslovic in Hurricanes zone.
11:12 of 3rd period - Brock Boeser is hit by Andrew Peeke and loses puck.
11:27 of 3rd period - Snap shot by Mikael Backlund.
11:27 of 3rd period - Stopped by Adin Hill with a rebound.
11:29 of 3rd period - Snap shot by Zach Parise.
11:29 of 3rd period - Stopped by Adin Hill without a rebound.
11:30 of 3rd period - Auston Matthews wins face-off versus Mikael Backlund in Panthers zone.
12:05 of 3rd period - Marcus Pettersson is hit by Jack Roslovic and loses puck.
13:15 of 3rd period - Slapshot by Steven Lorentz.
13:15 of 3rd period - Goal by Steven Lorentz - Panthers : 3 - Hurricanes : 0.
13:16 of 3rd period - Auston Matthews wins face-off versus Brock Boeser in neutral zone.
13:29 of 3rd period - Snap shot by Jesperi Kotkaniemi.
13:29 of 3rd period - Stopped by Jordan Binnington without a rebound.
13:30 of 3rd period - Tage Thompson wins face-off versus Gustav Nyquist in Hurricanes zone.
14:02 of 3rd period - Snap shot by Zemgus Girgensons.
14:02 of 3rd period - Deflect By Jimmy Vesey.
14:02 of 3rd period - Goal by Jimmy Vesey - Panthers : 3 - Hurricanes : 1.
14:03 of 3rd period - Auston Matthews wins face-off versus Tage Thompson in neutral zone.
14:16 of 3rd period - Wrist shot by Brock Boeser.
14:16 of 3rd period - Stopped by Adin Hill with a rebound.
14:18 of 3rd period - Slapshot by Shea Theodore.
14:18 of 3rd period - Shot Blocked by Scott Mayfield.
14:20 of 3rd period - Slapshot by Damon Severson.
14:20 of 3rd period - Shot Misses the Net.
14:21 of 3rd period - Anders Lee beats up Devon Toews.
14:21 of 3rd period - Penalty to Anders Lee for Fighting.
14:21 of 3rd period - Penalty to Devon Toews for Fighting.
14:22 of 3rd period - Tage Thompson wins face-off versus Auston Matthews in Panthers zone.
14:48 of 3rd period - Andrew Peeke is hit by Zach Parise and loses puck.
14:53 of 3rd period - Snap shot by Mikael Backlund.
14:53 of 3rd period - Stopped by Adin Hill without a rebound.
14:54 of 3rd period - Jack Roslovic wins face-off versus Mikael Backlund in Panthers zone.
15:26 of 3rd period - Slapshot by Damon Severson.
15:26 of 3rd period - Stopped by Adin Hill with a rebound.
16:20 of 3rd period - Snap shot by Alex Iafallo.
16:20 of 3rd period - Stopped by Adin Hill with a rebound.
16:22 of 3rd period - Snap shot by Noah Cates.
16:22 of 3rd period - Stopped by Adin Hill with a rebound.
16:48 of 3rd period - Snap shot by Alex Iafallo.
16:48 of 3rd period - Stopped by Adin Hill with a rebound.
16:50 of 3rd period - Wrist shot by Noah Cates.
16:50 of 3rd period - Shot Blocked by Matt Grzelcyk.
16:52 of 3rd period - Slapshot by Noah Cates.
16:52 of 3rd period - Stopped by Adin Hill without a rebound.
16:53 of 3rd period - Jesperi Kotkaniemi wins face-off versus Tage Thompson in Panthers zone.
17:22 of 3rd period - Jeremy Lauzon is hit by Dillon Dube and loses puck.
17:47 of 3rd period - Wrist shot by Jordan Greenway.
17:47 of 3rd period - Shot Blocked by Zach Whitecloud.
17:49 of 3rd period - Slapshot by Jeremy Lauzon.
17:49 of 3rd period - Stopped by Jordan Binnington with a rebound.
17:51 of 3rd period - Wrist shot by Jordan Greenway.
17:51 of 3rd period - Stopped by Jordan Binnington without a rebound.
17:52 of 3rd period - Jack Roslovic wins face-off versus Mikael Backlund in Hurricanes zone.
18:03 of 3rd period - Wrist shot by Jack Roslovic.
18:03 of 3rd period - Shot Blocked by Tage Thompson.
18:05 of 3rd period - Slapshot by Scott Mayfield.
18:05 of 3rd period - Shot Blocked by Jimmy Vesey.
18:07 of 3rd period - Slapshot by Matt Grzelcyk.
18:07 of 3rd period - Stopped by Jordan Binnington with a rebound.
18:09 of 3rd period - Slapshot by Scott Mayfield.
18:09 of 3rd period - Shot Misses the Net.
18:19 of 3rd period - Taylor Hall is hit by Zach Whitecloud and loses puck.
18:26 of 3rd period - Zach Whitecloud is hit by Jesperi Kotkaniemi.
18:33 of 3rd period - Minor Penalty to Marcus Pettersson for Goalie Interference.
18:34 of 3rd period - Auston Matthews wins face-off versus Mikael Backlund in Hurricanes zone.
19:07 of 3rd period - Slapshot by Taylor Hall.
19:07 of 3rd period - Goal by Taylor Hall - Panthers : 4 - Hurricanes : 1.
19:08 of 3rd period - Auston Matthews wins face-off versus Jimmy Vesey in neutral zone.
19:13 of 3rd period - Snap shot by Auston Matthews.
19:13 of 3rd period - Shot Misses the Net.
19:15 of 3rd period - Wrist shot by Auston Matthews.
19:15 of 3rd period - Stopped by Jordan Binnington without a rebound.
19:16 of 3rd period - Tage Thompson wins face-off versus Auston Matthews in Hurricanes zone.
19:21 of 3rd period - Scott Mayfield is hit by Shea Theodore and loses puck.
19:32 of 3rd period - Brock Boeser is hit by Jesperi Kotkaniemi and loses puck.
19:39 of 3rd period - Snap shot by Auston Matthews.
19:39 of 3rd period - Shot Misses the Net.
19:41 of 3rd period - Snap shot by Matt Grzelcyk.
19:41 of 3rd period - Shot Blocked by Brock Boeser.
19:43 of 3rd period - Snap shot by Taylor Hall.
19:43 of 3rd period - Stopped by Jordan Binnington with a rebound.
19:45 of 3rd period - Backhand shot by Jesperi Kotkaniemi.
19:45 of 3rd period - Shot Misses the Net.
19:47 of 3rd period - Snap shot by Auston Matthews.
19:47 of 3rd period - Stopped by Jordan Binnington without a rebound.
19:48 of 3rd period - Mikael Backlund wins face-off versus Evgeni Malkin in Hurricanes zone.
Goals for this period are 2 for Panthers vs 1 for Hurricanes.
Shots for this period are 14 for Panthers vs 11 for Hurricanes.